AoeStats
← AR

Socotra

505797661Analyzed
2v2 RM · 22d ago on Sep 11, 2026· 30m 57s· 4 players
Game mode
Random Map
Map size
Tiny (2 player)
Population
200
Speed
Normal
Resources
Standard
Victory
Conquest
Starting age
Dark Age
Ending age
Imperial Age
RankedLock teamsTeams togetherTeam positionsShared explorationLock speedFull tech treeHidden civsTurbo modeCheats
Victory
Defeat
🇮🇳 Japanese · India
918
+15
🇺🇸 Mongols · United States
863
+17
🇨🇴 Mapuche · Colombia
892
-16
🇨🇴 Mongols · Colombia
889
-16
Hawk Supertramp
11:04 Loom
13:53 Feudal Age
13:59 Man-at-Arms
14:48 Double-Bit Axe
16:55 Forging
17:03 Arson
17:20 Scale Mail Armor
18:25 Gold Mining
21:57 Fletching
23:22 Padded Archer Armor
27:58 Castle Age
28:17 Stone Mining
28:02 Elite Skirmisher
28:46 Long Swordsman
29:12 Gambesons
29:27 Squires
Virtuoso
11:12 Feudal Age
11:38 Double-Bit Axe
11:50 Loom
19:31 Fletching
22:12 Castle Age
21:04 Padded Archer Armor
20:58 Horse Collar
22:15 Crossbowman
23:41 Bodkin Arrow
24:18 Elite Skirmisher
26:52 Thumb Ring
27:58 Ballistics
30:03 Leather Archer Armor
AR
9:45 Loom
11:52 Feudal Age
12:00 Champi Runner
12:26 Arson
14:49 Forging
14:56 Scale Mail Armor
16:17 Fletching
16:28 Padded Archer Armor
21:41 Horse Collar
28:53 Double-Bit Axe
30:53 Wheelbarrow
juancamilogarciah
10:43 Feudal Age
10:49 Man-at-Arms
12:05 Double-Bit Axe
19:59 Forging
20:00 Horse Collar
21:02 Gold Mining
21:03 Stone Mining
21:54 Wheelbarrow
25:52 Castle Age
24:06 Padded Archer Armor
24:40 Fletching
25:20 Scale Mail Armor
26:00 Crossbowman
26:19 Pikeman
28:40 Bow Saw
30:14 Iron Casting
31:16 Scale Barding Armor
Connection lost

Rejoining the realm…

Still unreachable

The connection could not be restored.

Session expired

The server has moved on; the page needs a fresh start.